 Dungeon Crawl Stone Soup version 0.28-a0-500-g121bc3e445 (webtiles) character file.

Game seed: 7677426818214235848

65 Sabo the Poker (level 4, -1/37 HPs)
             Began as a Merfolk Berserker on Sept 19, 2021.
             Was a Believer of Trog.
             Slain by Robin (2 damage)
             ... on level 2 of the Dungeon.
             The game lasted 00:07:12 (2226 turns).

Sabo the Poker (Merfolk Berserker)                  Turns: 2226, Time: 00:07:13

Health: -1/37      AC:  7    Str: 18    XL:     4   Next: 13%
Magic:  13/13      EV: 10    Int:  6    God:    Trog [**....]
Gold:   81         SH:  0    Dex: 13    Spells: 3/3 levels left

rFire   . . .      SeeInvis .   a - +0 spear
rCold   . . .      Faith    .   (no shield)
rNeg    . . .      Spirit   .   i - +0 scale mail
rPois   .          Reflect  .   (no helmet)
rElec   .          Harm     .   (no cloak)
rCorr   .          Rampage  .   (no gloves)
Will    .....                   n - +0 pair of boots
Stlth   ..........              (no amulet)
HPRegen 0.12/turn               g - ring of magical power
MPRegen 0.13/turn               (no ring)

@: on berserk cooldown, slowed, very slow
A: (nimble swimmer 2), mertail
a: Renounce Religion, Berserk, Trog's Hand


You were on level 2 of the Dungeon.
You worshipped Trog.
Trog was pleased with you.
You visited 1 branch of the dungeon, and saw 2 of its levels.

You collected 81 gold pieces.

Inventory:

Hand Weapons
 a - a +0 spear (weapon)
Missiles
 e - 27 bolts
 l - 9 arrows
Armour
 i - a +0 scale mail (worn)
 n - a +0 pair of boots (worn)
Jewellery
 g - a ring of magical power (left hand)
Scrolls
 c - a scroll of enchant weapon {unknown}
 h - a scroll of torment {unknown}
 k - a scroll of enchant armour {unknown}
 m - a scroll of vulnerability {unknown}
 o - a scroll of identify {unknown}
Potions
 b - a potion of curing {unknown}
 d - a potion of might {unknown}
 f - a potion of degeneration {unknown}
 j - 3 potions of lignification {unknown}


   Skills:
 + Level 3.9 Fighting
 + Level 5.9 Polearms
 + Level 1.6 Armour
 + Level 3.2 Dodging
 + Level 0.3 Stealth


You had 3 spell levels left.
You didn't know any spells.
Your spell library was empty.

Dungeon Overview and Level Annotations

Branches:
Dungeon (2/15)

Altars:

Annotations:
D:2 Robin


Innate Abilities, Weirdness & Mutations

((You are quick and stealthy near water. (Stealth+, EV+, Speed+++)))
Your lower body shifts to a powerful aquatic tail in water.


Message History

The goblin barely misses you.
You have reached level 4!
The goblin no longer looks unusually strong.
Robin closely misses you.
A goblin comes into view. It is wielding a +0 club.
Items here: )))) ††.
You barely miss Robin.
The goblin shouts!
The goblin no longer looks unusually strong. x2
The hobgoblin no longer looks unusually strong.
Robin hits you with a +0 mace.
* * * LOW HITPOINT WARNING * * *
The hobgoblin hits you but does no damage.
You puncture Robin!
Robin is heavily wounded.
The goblin hits you but does no damage.
You hit Robin.
Robin is severely wounded.
Robin drinks a potion.
Robin is healed!
The hobgoblin barely misses you.
You puncture Robin!
Robin is heavily wounded.
The goblin hits you but does no damage.
You barely miss Robin.
Robin is heavily wounded.
You are no longer berserk.
You are exhausted.
You feel yourself slow down. Robin hits you but does no damage.
The hobgoblin barely misses you.
You barely miss Robin.
Robin is heavily wounded.
The goblin hits you but does no damage. The hobgoblin barely misses you.
Robin hits you with a +0 mace.
* * * LOW HITPOINT WARNING * * *
The goblin closely misses you.
You hit Robin.
Robin is almost dead.
The hobgoblin barely misses you.
Robin's bangles clink loudly.
Robin hits you with a +0 mace.
You die...

.# ####### #.#
##.....######.#
#..#########......##.....#
........gw$.g............#
..#.....gg##.............#
#.#####g@gg..≈....≈....# #
#####..........#.##
#....≈≈........
#....≈≈.....†##
#..........#.#
#...≈....≈....#
#.............#
#.............#
#.............#


You could see a worm, Robin, a hobgoblin and 4 goblins.

Vanquished Creatures
  An adder (D:2)
  2 dart slugs (D:1)
  3 ball pythons
  4 bats
  4 endoplasms
  3 giant cockroaches (D:1)
  8 goblins
  7 hobgoblins
  A kobold (D:2)
  3 quokkas (D:1)
  2 frilled lizards (D:1)
  4 rats (D:1)
42 creatures vanquished.

Notes
Turn   | Place    | Note
-------+----------+-------------------------------------------
     0 | D:1      | Sabo the Merfolk Berserker began the quest for the Orb.
     0 | D:1      | Reached XP level 1. HP: 18/18 MP: 1/1
     2 | D:1      | Noticed a draconian
     2 | D:1      | Noticed a merfolk
     4 | D:1      | Noticed a formicid
     8 | D:1      | Noticed a troll
     8 | D:1      | Noticed a naga
    10 | D:1      | Noticed an ogre
    12 | D:1      | Noticed an octopode
    12 | D:1      | Noticed a demigod
    14 | D:1      | Noticed a ghoul
    14 | D:1      | Noticed a demonspawn
    16 | D:1      | Noticed a minotaur
    16 | D:1      | Noticed an elf
    18 | D:1      | Noticed a felid
    20 | D:1      | Noticed a vampire
    20 | D:1      | Noticed a spriggan
    22 | D:1      | Noticed a tengu
    22 | D:1      | Noticed a human
    24 | D:1      | Noticed a dwarf
    24 | D:1      | Noticed a gargoyle
    26 | D:1      | Noticed a vine stalker
   189 | D:1      | Reached skill level 5 in Polearms
   189 | D:1      | Reached XP level 2. HP: 8/24 MP: 2/2
  1021 | D:1      | Reached XP level 3. HP: 30/30 MP: 3/3
  1467 | D:1      | Reached ** piety under Trog
  2191 | D:2      | Noticed Robin
  2219 | D:2      | Reached XP level 4. HP: 7/37 MP: 4/4
  2225 | D:2      | HP: 1/37 [Robin (3)]
  2226 | D:2      | Slain by Robin

Illustrated notes

Levels and vault maps discovered:
D:1:      kb_arrival_jail, layout_basic
D:2:      layout_loops_ring, hellmonk_ecumenical_altar_arch_garden,
          minmay_misc_feat_x, minivault_24, minmay_curled_crystal,
          skrybe_limestone_x, uniq_jessica, uniq_robin

Skill      XL: |  1  2  3 |
---------------+----------+-----
Polearms       | 5 |  5.9
Dodging        | 3 |  3.2
Fighting       | |  3.9
Armour         | |  1.6
Stealth        | |  0.3

Action                   |  1- 3 |  4- 6 || total
-------------------------+-------+-------++-------
Melee: Spear             |   134 |     7 ||   141
Invok: Berserk           |     2 |       ||     2
Armor: Animal skin       |    12 |       ||    12
       Scale mail        |    20 |     5 ||    25
Dodge: Dodged            |    71 |     6 ||    77

Table legend: (Time is in decaauts)
 A = Elapsed time spent in this place.
 B = Non-inter-level travel time spent in this place.
 C = Inter-level travel time spent in this place.
 D = Time resting spent in this place.
 E = Time spent auto-exploring this place.
 F = Levels seen in this place.
 G = Mean time per level.
                   A        B        C        D        E       F      G
               +--------+--------+--------+--------+--------+-----+--------+
         Total |   2198 |   2198 |      0 |    917 |      0 |   2 | 1099.0 |
       Dungeon |   2198 |   2198 |      0 |    917 |      0 |   2 | 1099.0 |
               +--------+--------+--------+--------+--------+-----+--------+

Top non-repeatable levels by time:
     D:1: 1875 daAuts
     D:2: 323 daAuts
